 Dungeon Crawl Stone Soup version 0.29.0-13-gc9e81de378 (webtiles) character file.

Game seed: 1561732210805083572

8769 pesado the Geomancer (level 11, 0/54 HPs)
             Began as a Gargoyle Earth Elementalist on Sept 9, 2022.
             Was a Believer of Vehumet.
             Killed from afar by a catoblepas (3 damage)
             ... with a blast of calcifying dust
             ... on level 1 of the Lair of Beasts.
             The game lasted 00:16:11 (12367 turns).

pesado the Geomancer (Gargoyle Earth Elementalist) Turns: 12367, Time: 00:16:11

Health: 0/54       AC: 12    Str: 11    XL:     11   Next: 36%
Magic:  20/22      EV: 12    Int: 21    God:    Vehumet [**....]
Gold:   864        SH:  0    Dex: 10    Spells: 15/25 levels left

rFire   . . .      SeeInvis .   D - +1 whip (elec)
rCold   . . .      Faith    .   (no shield)
rNeg    + . .      Spirit   .   a - +0 robe
rPois   ∞          Reflect  .   (no helmet)
rElec   +          Harm     .   i - +0 cloak
rCorr   .          Rampage  .   A - +0 pair of gloves
Will    .....                   (no boots)
Stlth   ++........              (no amulet)
HPRegen 0.18/turn               (no ring)
MPRegen 0.18/turn               (no ring)

@: slowed, very slow
A: sickness immunity, AC +8, negative energy resistance 1, electricity
resistance, torment resistance 1, petrification resistance
a: Renounce Religion


You were on level 1 of the Lair of Beasts.
You worshipped Vehumet.
Vehumet was pleased with you.
You visited 3 branches of the dungeon, and saw 12 of its levels.

You collected 864 gold pieces.

Inventory:

Hand Weapons
 o - a +2 vorpal great sword
 x - a +2 dagger of venom
 D - a +1 whip of electrocution (weapon)
Missiles
 p - 82 stones (quivered)
Armour
 a - a +0 robe (worn)
 g - an orb of energy
 i - a +0 cloak (worn)
 A - a +0 pair of gloves (worn)
 E - a scarf of harm
Wands
 u - a wand of paralysis (7)
Scrolls
 m - 2 scrolls of amnesia
 n - 2 scrolls of magic mapping
 s - a scroll of teleportation
 y - a scroll of fear
Potions
 c - 7 potions of heal wounds
 d - a potion of mutation
 e - 2 potions of lignification
 f - 4 potions of curing
 h - 3 potions of attraction
 j - 2 potions of haste
 k - a potion of brilliance
 l - a potion of berserk rage
 q - 2 potions of flight {unknown}
 r - a potion of might
 t - a potion of ambrosia {unknown}
 v - a potion of degeneration {unknown}
 z - a potion of invisibility {unknown}
 C - a potion of resistance {unknown}
Miscellaneous
 w - a lightning rod (4/4)


   Skills:
 - Level 1.6 Dodging
 - Level 2.2 Stealth
 - Level 7.5 Spellcasting
 + Level 11.8 Conjurations
 - Level 0.8 Transmutations
 + Level 13.6 Earth Magic


You had 15 spell levels left.
You knew the following spells:

 Your Spells              Type           Power      Damage    Failure   Level
a - Sandblast             Erth           100%       2d20      1%          1
b - Passwall              Tmut/Erth      31%        N/A       1%          2
c - Stone Arrow           Conj/Erth      100%       3d13      1%          3
d - Petrify               Tmut/Erth      38%        N/A       4%          4

Your spell library contained the following spells:

 Spells                   Type           Power      Damage    Failure   Level
 Foxfire                  Conj/Fire      100%       2x1d9     1%          1
 Slow                     Hex            28%        N/A       9%          1
 Summon Small Mammal      Summ           28%        N/A       9%          1
 Call Canine Familiar     Summ           7%         N/A       26%         3
 Confusing Touch          Hex            7%         N/A       26%         3
 Summon Guardian Golem    Hex/Summ       7%         N/A       26%         3
 Vampiric Draining        Necr           7%         2d6       26%         3
 Summon Forest            Summ/Tloc      3%         N/A       93%         5
 Eringya's Noxious Bog    Tmut/Pois      4%         N/A       100%        6
 Summon Hydra             Summ           3%         N/A       100%        7


Dungeon Overview and Level Annotations

Branches:
Dungeon (10/15)            Temple (1/1) D:6            Lair (1/5) D:8
    Orc: D:9-12

Altars:
Ashenzari
Cheibriados
Dithmenos
Fedhas
Gozag
Hepliaklqana
Kikubaaqudgha
Makhleb
Nemelex Xobeh
Okawaru
Qazlal
Ru
Sif Muna
Trog
Uskayaw
Vehumet
Wu Jian
Xom
Yredelemnul
Zin
The Shining One

Shops:
D:7 (   D:9 *


Innate Abilities, Weirdness & Mutations

You are immune to sickness and miasma.
Your stone body is resilient. (AC +8)
You are immune to poison.
You resist negative energy. (rN+)
You are resistant to electric shocks. (rElec)
You are resistant to unholy torment.
You are immune to petrification.


Message History

Aim: a catoblepas (calcifying dust, 100% to hit)
The stone arrow hits the catoblepas!
The catoblepas is lightly wounded.
A cane toad comes into view.
Being near the torpor snail leaves you feeling lethargic.
The cane toad moves out of view.
Casting: Stone Arrow (safe; 1% risk of failure)
Confirm with . or Enter, or press ? or * to list all spells.
Aiming: Sandblast (safe; 1% risk of failure)
Press: ? - help, Shift-Dir - straight line, f/p - catoblepas
Aim: a catoblepas (lightly wounded, 100% to hit)
Okay, then.
Magic courses through your body. The catoblepas misses you.
The torpor snail is engulfed in calcifying dust.
The torpor snail is moving more slowly.
Casting: Sandblast (safe; 1% risk of failure)
Confirm with . or Enter, or press ? or * to list all spells.
Aiming: Stone Arrow (safe; 1% risk of failure)
Press: ? - help, Shift-Dir - straight line, f/p - catoblepas
Aim: a catoblepas (lightly wounded, 100% to hit)
The stone arrow hits the catoblepas!!
The catoblepas is heavily wounded.
The catoblepas gores you!!
* * * LOW HITPOINT WARNING * * *
The yak is engulfed in calcifying dust.
The yak is moving more slowly.
The catoblepas breathes a plume of calcifying dust at you.
The blast of calcifying dust hits you.
* * * LOW HITPOINT WARNING * * *
As you read the scroll of fear, it crumbles to dust.
You assume a fearsome visage.
The torpor snail looks frightened!
The yak looks frightened! x2; The catoblepas looks frightened!
The torpor snail stops moving altogether!
The yak stops moving altogether!
The catoblepas seems to regain its courage.
The catoblepas breathes a plume of calcifying dust at you.
The blast of calcifying dust hits the torpor snail.
The catoblepas's attack snaps the torpor snail out of its fear.
The blast of calcifying dust hits the yak.
The blast of calcifying dust hits you.
You die...

..#.### ##.........##
..#.# #.........#
..#.# ##.......##
....### ##.....##
......#### ###
##...##
.........###.# #####
..#.........#####
.###.###........#####
. . ###
######...@§§P######
... .
#####..§Yw.#.#..... #
#####.YY......#
#####..##.. Y# .# ..
.. #


You could see a yak.

Vanquished Creatures
  2 two-headed ogres
  2 black mambas (Lair:1)
  A cane toad (Lair:1)
  A hornet (D:7)
  Grinder (D:3)
  Sigmund (D:2)
  13 yaks
  A wraith (D:9)
  2 steam dragons
  A vampire mosquito (D:9)
  Menkaure (D:4)
  An acid dragon (D:9)
  3 water moccasins
  2 orc warriors
  A sky beast (D:8)
  2 ice beasts (D:6)
  3 black bears
  3 ogres
  3 wolves (Lair:1)
  A centaur (D:4)
  A kobold brigand (D:8)
  4 bullfrogs
  2 gnoll sergeants
  A scorpion (D:6)
  4 wights (D:8)
  3 killer bees (D:9)
  5 howler monkeys
  A gnoll bouda (D:5)
  3 orc priests
  5 jellies
  2 hounds
  An iguana (D:6)
  7 orc wizards
  13 gnolls
  7 adders
  3 shadow imps (D:6)
  2 white imps
  2 ufetubi (D:6)
  4 worms
  A dart slug (D:3)
  18 orcs
  6 bats
  9 endoplasms
  6 giant cockroaches
  7 goblins
  12 hobgoblins
  6 jackals
  7 quokkas
  14 ball pythons
  4 frilled lizards
  14 kobolds
  12 rats
231 creatures vanquished.

Vanquished Creatures (others)
  3 plants
3 creatures vanquished.

Grand Total: 234 creatures vanquished

Notes
Turn   | Place    | Note
-------+----------+-------------------------------------------
     0 | D:1      | pesado the Gargoyle Earth Elementalist began the quest for
                  | the Orb.
     0 | D:1      | Reached XP level 1. HP: 10/10 MP: 3/3
   114 | D:1      | Reached skill level 4 in Earth Magic
   171 | D:1      | Reached XP level 2. HP: 15/15 MP: 3/5
   218 | D:1      | Learned a level 2 spell: Passwall
   636 | D:1      | Reached XP level 3. HP: 19/19 MP: 4/6
   808 | D:1      | Reached skill level 5 in Earth Magic
   846 | D:1      | Learned a level 3 spell: Stone Arrow
  1127 | D:2      | Noticed Sigmund
  1166 | D:2      | Killed Sigmund
  1167 | D:2      | Reached skill level 7 in Earth Magic
  1167 | D:2      | Reached XP level 4. HP: 16/24 MP: 1/7
  1167 | D:2      | Reached XP level 5. HP: 19/28 MP: 1/8
  1547 | D:2      | Reached XP level 6. HP: 32/32 MP: 7/9
  1552 | D:2      | Reached skill level 1 in Conjurations
  2585 | D:3      | Found a glowing golden altar of the Shining One.
  2762 | D:3      | Noticed Grinder
  2800 | D:3      | Killed Grinder
  2801 | D:3      | Reached skill level 8 in Earth Magic
  2801 | D:3      | Reached XP level 7. HP: 11/36 MP: 4/10
  3072 | D:3      | Found an opulent altar of Gozag.
  3099 | D:3      | Found a sacrificial altar of Ru.
  3717 | D:4      | Learned a level 4 spell: Petrify
  3824 | D:4      | Noticed Menkaure
  3833 | D:4      | Killed Menkaure
  3834 | D:4      | Reached skill level 5 in Conjurations
  3984 | D:4      | Reached XP level 8. HP: 41/41 MP: 4/11
  4876 | D:4      | Identified the +4 scale mail of Vehumet, Glowing {Slay+3}
  5018 | D:5      | Entered Level 5 of the Dungeon
  5197 | D:5      | Reached skill level 9 in Earth Magic
  5425 | D:5      | Found a glowing drain.
  5428 | D:5      | Noticed a yak
  5433 | D:5      | Noticed a yak
  5434 | D:5      | Noticed a yak
  5437 | D:5      | Killed a yak
  5693 | D:4      | Killed a yak
  5940 | D:5      | Killed a yak
  5941 | D:5      | Reached XP level 9. HP: 45/45 MP: 6/15
  6546 | D:6      | Reached skill level 5 in Spellcasting
  6900 | D:6      | Found a staircase to the Ecumenical Temple.
  7138 | D:7      | Noticed a hornet
  7178 | D:7      | Found Poammum's Antique Weapon Emporium.
  7541 | D:7      | Found a hazy altar of Hepliaklqana.
  7609 | D:7      | Killed a hornet
  8205 | Temple   | Entered the Ecumenical Temple
  8205 | Temple   | Found a transporter.
  8205 | Temple   | Found a transporter.
  8207 | Temple   | Found a transporter.
  8207 | Temple   | Found a transporter.
  8241 | Temple   | Became a worshipper of Vehumet
  8940 | D:6      | Reached skill level 10 in Earth Magic
  9172 | D:8      | Found a staircase to the Lair.
  9280 | D:8      | Reached XP level 10. HP: 50/50 MP: 15/21
  9462 | D:8      | Reached * piety under Vehumet
  9462 | D:8      | Offered knowledge of Shock by Vehumet.
  9909 | D:8      | Reached skill level 11 in Earth Magic
 10017 | D:8      | Noticed a two-headed ogre
 10024 | D:8      | Killed a two-headed ogre
 10394 | D:9      | Noticed a two-headed ogre
 10643 | D:9      | Found Tina Gitt's Assorted Antiques.
 10652 | D:9      | Reached skill level 10 in Conjurations
 10654 | D:9      | Offered knowledge of Foxfire by Vehumet.
 10655 | D:9      | Reached skill level 12 in Earth Magic
 10929 | D:9      | Reached ** piety under Vehumet
 11360 | D:9      | Killed a two-headed ogre
 11361 | D:9      | Reached XP level 11. HP: 54/54 MP: 12/22
 11644 | D:10     | Entered Level 10 of the Dungeon
 11655 | D:10     | Reached skill level 13 in Earth Magic
 11954 | Lair:1   | Entered Level 1 of the Lair of Beasts
 12344 | Lair:1   | Noticed a catoblepas
 12363 | Lair:1   | HP: 1/54 [catoblepas/blast of calcifying dust (6)]
 12367 | Lair:1   | Killed from afar by a catoblepas

Illustrated notes

Levels and vault maps discovered:
D:1:      matt_arrival_los_fun, layout_loops_ring
D:2:      layout_rooms, uniq_sigmund
D:3:      layout_basic, tso_oasis_becter, mainiacjoe_overflow_two_lobes,
          ebering_dispersal_statue_hall, uniq_grinder
D:4:      layout_layer_cave, minmay_fractal_squares_gapless_5, uniq_menkaure
D:5:      layout_basic, portal_sewer_entry_c
D:6:      layout_basic, minmay_temple_entry_from_below_a,
          kennysheep_generic_room_7
D:7:      layout_basic, amcnicky_altar_gilded, serial_glass, glass_columns_b,
          glass_columns_a, hangedman_decor_points, nicolae_stop_n_shop_1,
          serial_bayou_pond_a
D:8:      layout_rooms, lair_entry_dummy, bh_walls_and_bars
D:9:      layout_irregular_city, serial_shops, shop, serial_column_ruins,
          column_ruins_hut, column_ruins_open_tiny, column_ruins_corridor_plus,
          column_ruins_columns_corner, column_ruins_grid_3,
          column_ruins_corridor_straight, column_ruins_columns_corner,
          evilmike_minifort
D:10:     minmay_razor_zed, layout_stronghold,
          mainiacjoe_overflow_cross_hatched,
          kennysheep_orc_monster_closet_entryway, minmay_librarian
Temple:   hellmonk_temple_divided_pantheon
Lair:1:   layout_cave_pods, grunt_megastairs_1

Skill      XL: |  1  2  3  4  5  6  7  8  9 10 11 |
---------------+----------------------------------+-----
Earth Magic    | 4 7 8 9 10 12 13 | 13.6
Conjurations   | 3 6 7 8 11 | 11.8
Spellcasting   | 4 7 |  7.5
Dodging        | |  1.6
Stealth        | |  2.2
Transmutations | |  0.8

Action                   |  1- 3 |  4- 6 |  7- 9 | 10-12 || total
-------------------------+-------+-------+-------+-------++-------
Melee: Dagger            |     2 |     1 |       |       ||     3
       Whip              |       |    14 |    46 |    36 ||    96
Throw: Stone             |       |       |     1 |       ||     1
 Cast: Sandblast         |    44 |    45 |    86 |    48 ||   223
       Stone Arrow       |       |       |    57 |    74 ||   131
Evoke: Wand              |       |       |       |     1 ||     1
  Use: Scroll            |       |     9 |     2 |    10 ||    21
       Potion            |       |       |     2 |     1 ||     3
 Stab: Sleeping          |     2 |       |     1 |       ||     3
       Petrified         |       |       |       |     3 ||     3
Armor: Robe              |     3 |     5 |    38 |    41 ||    87
Dodge: Dodged            |    10 |    14 |    54 |    56 ||   134
